 Dungeon Crawl Stone Soup version 0.23.1 (webtiles) character file.

Game seed: 15004380174706484049

147 Anandil the Ducker (level 5, -6/47 HPs)
             Began as a Gnoll Monk on Mar 11, 2019.
             Killed by nerve-wracking pain
             ... invoked by Grinder
              (13 damage)
             ... on level 3 of the Dungeon.
             The game lasted 00:03:25 (2058 turns).

Anandil the Ducker (Gnoll Monk)                     Turns: 2058, Time: 00:03:26

Health: -6/47      AC:  4    Str: 14    XL:     5   Next: 29%
Magic:  7/7        EV: 23    Int: 13    God:
Gold:   172        SH:  0    Dex: 22    Spells: 6/6 levels left

rFire    + . .     SeeInvis .   a - +0 falchion
rCold    x . .     Gourm    .   (no shield)
rNeg     . . .     Faith    .   b - +0 robe
rPois    .         Spirit   .   (no helmet)
rElec    .         Reflect  .   (no cloak)
rCorr    .         Harm     .   g - +1 pair of gloves
MR       .....                  (no boots)
Stlth    ++++......             (no amulet)
HPRegen  0.15/turn              j - ring of fire
MPRegen  0.10/turn              (no ring)

@: agile
A: distributed training, fangs 1, strong nose
a: no special abilities


You were on level 3 of the Dungeon.
You were not hungry.

You visited 1 branch of the dungeon, and saw 3 of its levels.

You collected 172 gold pieces.

Inventory:

Hand Weapons
 a - a +0 falchion (weapon)
Armour
 b - a +0 robe (worn)
 g - a +1 pair of gloves (worn)
Jewellery
 j - a ring of fire (left hand)
 v - an uncursed ring of flight {unknown}
Scrolls
 h - a scroll of enchant armour {unknown}
 k - 5 scrolls of teleportation {unknown}
 n - a scroll of fear {unknown}
 p - a scroll of amnesia {unknown}
 r - 2 scrolls of identify {unknown}
 s - a scroll of enchant weapon {unknown}
Potions
 d - 2 potions of cancellation
 e - a potion of agility
 f - a potion of lignification {unknown}
 l - a potion of curing
 m - 2 potions of might {unknown}
 q - a potion of resistance {unknown}
 u - a potion of berserk rage {unknown}
Comestibles
 c - 3 rations
 t - 3 chunks of flesh


   Skills:
 + Level 6.6 Fighting
 + Level 1.4 Short Blades
 + Level 6.6 Long Blades
 + Level 1.4 Axes
 + Level 1.4 Maces & Flails
 + Level 1.4 Polearms
 + Level 1.4 Staves
 + Level 1.4 Slings
 + Level 1.4 Bows
 + Level 1.4 Crossbows
 + Level 1.4 Throwing
 + Level 1.4 Armour
 + Level 6.6 Dodging
 + Level 4.3 Stealth
 + Level 1.4 Shields
 + Level 1.4 Unarmed Combat
 + Level 1.4 Spellcasting
 + Level 1.1 Conjurations
 + Level 1.1 Hexes
 + Level 1.1 Charms
 + Level 1.1 Summonings
 + Level 1.1 Necromancy
 + Level 1.1 Translocations
 + Level 1.1 Transmutations
 + Level 1.1 Fire Magic
 + Level 1.1 Ice Magic
 + Level 1.1 Air Magic
 + Level 1.1 Earth Magic
 + Level 1.1 Poison Magic
 + Level 1.5 Invocations
 + Level 1.4 Evocations


You had 6 spell levels left.
You didn't know any spells.
Your spell library was empty.

Dungeon Overview and Level Annotations

Branches:
Dungeon (3/15)

Altars:
Yredelemnul

Annotations:
D:3 Grinder


Innate Abilities, Weirdness & Mutations

Your experience applies equally to all skills.
You have very sharp teeth.
Your uncanny sense of smell can sniff out nearby items.


Message History

Grinder is severely wounded.
Grinder barely misses you.
You hit Grinder.
Grinder is severely wounded.
Grinder completely misses you.
Unknown command.
It was a potion of curing.
You feel better. Grinder misses you.
You hit Grinder.
Grinder is almost dead.
You completely miss Grinder.
Grinder is almost dead.
Grinder hits you!
* * * LOW HITPOINT WARNING * * *
You writhe in agony.
* * * LOW HITPOINT WARNING * * *
You closely miss Grinder. You bite Grinder, but do no damage.
Grinder is severely wounded.
Grinder gestures at you. Pain shoots through your body!
You die...

###########
#..(.5@(..###
#####.#######.#.#
#.......# #.#.#
#......J### #.#.#
#.5..[....# #.#.#
#.......#.# #...#
#.......#.# #.#.#
#.......#.#
#.#.########
#.......#.#
###..รท.....#


You could see Grinder.

Vanquished Creatures
  Natasha (twice) (D:3)
  4 gnolls
  3 oozes
  2 leopard geckos
  An orc (D:3)
  3 bats (D:1)
  5 giant cockroaches (D:1)
  2 goblins (D:1)
  5 hobgoblins
  2 kobolds
  4 frilled lizards
  2 gnoll zombies (D:2)
  13 rats
48 creatures vanquished.

Notes
Turn   | Place    | Note
-------+----------+-------------------------------------------
     0 | D:1      | Anandil the Gnoll Monk began the quest for the Orb.
     0 | D:1      | Reached XP level 1. HP: 23/23 MP: 1/1
    73 | D:1      | Reached XP level 2. HP: 27/29 MP: 2/2
   318 | D:1      | Reached XP level 3. HP: 34/35 MP: 3/3
   496 | D:2      | Found a basalt altar of Yredelemnul.
   868 | D:1      | Reached skill level 1 in Invocations
   869 | D:1      | Reached skill level 1 in Short Blades
   869 | D:1      | Reached skill level 1 in Axes
   869 | D:1      | Reached skill level 1 in Maces & Flails
   869 | D:1      | Reached skill level 1 in Polearms
   869 | D:1      | Reached skill level 1 in Staves
   869 | D:1      | Reached skill level 1 in Slings
   869 | D:1      | Reached skill level 1 in Bows
   869 | D:1      | Reached skill level 1 in Crossbows
   869 | D:1      | Reached skill level 1 in Throwing
   869 | D:1      | Reached skill level 1 in Armour
   869 | D:1      | Reached skill level 1 in Shields
   869 | D:1      | Reached skill level 1 in Unarmed Combat
   869 | D:1      | Reached skill level 1 in Spellcasting
   869 | D:1      | Reached skill level 1 in Evocations
   869 | D:1      | Reached XP level 4. HP: 6/41 MP: 5/5
  1901 | D:3      | Noticed Natasha
  1910 | D:3      | Killed Natasha
  1910 | D:3      | Reached skill level 1 in Conjurations
  1910 | D:3      | Reached skill level 1 in Hexes
  1910 | D:3      | Reached skill level 1 in Charms
  1910 | D:3      | Reached skill level 1 in Summonings
  1910 | D:3      | Reached skill level 1 in Necromancy
  1910 | D:3      | Reached skill level 1 in Translocations
  1910 | D:3      | Reached skill level 1 in Transmutations
  1910 | D:3      | Reached skill level 1 in Fire Magic
  1910 | D:3      | Reached skill level 1 in Ice Magic
  1910 | D:3      | Reached skill level 1 in Air Magic
  1910 | D:3      | Reached skill level 1 in Earth Magic
  1910 | D:3      | Reached skill level 1 in Poison Magic
  1910 | D:3      | Reached XP level 5. HP: 40/47 MP: 6/6
  1953 | D:3      | Noticed Grinder
  1969 | D:3      | Noticed Natasha
  1989 | D:3      | Killed Natasha
  2037 | D:3      | Paralysed by Grinder for 3 turns
  2045 | D:3      | Paralysed by Grinder for 7 turns
  2058 | D:3      | Killed from afar by Grinder

Skill      XL: |  1  2  3  4 |
---------------+-------------+-----
Invocations    | 1 |  1.5
Short Blades   | 1 |  1.4
Axes           | 1 |  1.4
Maces & Flails | 1 |  1.4
Polearms       | 1 |  1.4
Staves         | 1 |  1.4
Slings         | 1 |  1.4
Bows           | 1 |  1.4
Crossbows      | 1 |  1.4
Throwing       | 1 |  1.4
Armour         | 1 |  1.4
Shields        | 1 |  1.4
Unarmed Combat | 1 |  1.4
Spellcasting   | 1 |  1.4
Evocations     | 1 |  1.4
Conjurations   | 1 |  1.1
Hexes          | 1 |  1.1
Charms         | 1 |  1.1
Summonings     | 1 |  1.1
Necromancy     | 1 |  1.1
Translocations | 1 |  1.1
Transmutations | 1 |  1.1
Fire Magic     | 1 |  1.1
Ice Magic      | 1 |  1.1
Air Magic      | 1 |  1.1
Earth Magic    | 1 |  1.1
Poison Magic   | 1 |  1.1
Fighting       | |  6.6
Long Blades    | |  6.6
Dodging        | |  6.6
Stealth        | |  4.3

Action                   |  1- 3 |  4- 6 || total
-------------------------+-------+-------++-------
Melee: Falchion          |    89 |    64 ||   153
       Bite              |    10 |    11 ||    21
Throw: Tomahawk          |       |     7 ||     7
  Use: Potion            |       |     5 ||     5
 Stab: Sleeping          |     5 |     5 ||    10
  Eat: Chunk             |       |     4 ||     4
Armor: Robe              |    11 |     8 ||    19
Dodge: Dodged            |    66 |    38 ||   104
       Rpst.: Falchion   |    20 |    10 ||    30
